 Dungeon Sprint DCSS version 0.22.1-1-ga44c0e56f4 (webtiles) character file.

1536 MuseOD the Spear-Bearer (level 8, -21/75 HPs)
             Began as a Merfolk Berserker on Oct 7, 2018.
             Was an Elder of Trog.
             Shot with a bolt by a yaktaur (28 damage)
             ... in the Dungeon (Sprint II: "The Violet Keep of Menkaure").
             The game lasted 00:01:58 (443 turns).

MuseOD the Spear-Bearer (Merfolk Berserker)          Turns: 443, Time: 00:01:58

Health: -21/75     AC:  2    Str: 19    XL:     8   Next: 86%
Magic:  8/8        EV: 20    Int:  7    God:    Trog [****..]
Gold:   729        SH:  0    Dex: 13    Spells: 7/7 levels left

rFire    . . .     SeeInvis .   a - +0 spear
rCold    . . .     Gourm    .   (no shield)
rNeg     . . .     Faith    .   b - +0 animal skin
rPois    .         Spirit   .   (no helmet)
rElec    .         Reflect  .   (no cloak)
rCorr    .         Harm     .   (no gloves)
MR       ++...     NoTele   +   (no boots)
Stlth    +.........             (no amulet)
HPRegen  1.22/turn              (no ring)
MPRegen  0.11/turn              (no ring)

@: lethally poisoned (-21 -> -21), berserk cooldown, starving, regenerating,
slowed, very slow
A: change form in water, swift swim, stealthy swim
a: Berserk, Trog's Hand, Brothers in Arms, Renounce Religion


You were in the Dungeon.
You worshipped Trog.
Trog was greatly pleased with you.
You were starving.

You visited 1 branch You collected 729 gold pieces.

Inventory:

Hand Weapons
 a - a +0 spear (weapon)
Armour
 b - a +0 animal skin (worn)
Scrolls
 i - a scroll of blinking
Potions
 f - a potion of haste
 g - 2 potions of magic
 h - a potion of berserk rage
Comestibles
 c - a ration
 d - 2 chunks of flesh


   Skills:
 + Level 11.0 Fighting
 + Level 13.8 Polearms
 + Level 7.6 Armour
 + Level 12.5 Dodging


You had 7 spell levels left.
You didn't know any spells.
Your spell library was empty.

Dungeon Overview and Level Annotations

Branches:
Dungeon (1/1)

Altars:
Cheibriados
Dithmenos
Elyvilon
Fedhas
Gozag
Hepliaklqana
Kikubaaqudgha
Makhleb
Qazlal
Ru
Sif Muna
Trog
Uskayaw
Wu Jian
Xom
Yredelemnul
The Shining One
Beogh
Jiyva
Lugonu


Message History

The yaktaur shoots a bolt.
The bolt hits your ogre!!
Okay, then.
Your skin crawls.
You feel resistant to hostile enchantments.
You are starving!
You feel sick.
The hornet stings you but does no damage.
Your ogre hits the hornet with a giant spiked club!!
The hornet dies!
Trog accepts your kill.
You can now call in reinforcements.
Your Fighting skill increases to level 11!
The yaktaur shoots a bolt.
The bolt hits your ogre!!
Your ogre dies!
Your ogre's corpse disappears in a puff of smoke!
Unknown command.
Attack whom?
Press: ? - help, Dir - move target cursor, f - you, p - yaktaur
Okay, then.
You feel sick.
The yaktaur shoots a bolt.
The bolt hits you!!
You die...

++ ... ##.. #. .##.####
+.### #.#....# ...####
.####..## #..##.#
###.##..# +..#.c#
###..#..# #^.#.(#
.'.##'..####..##@# [
###..#....###.§(##▓▓▓▓
###.##......≈≈§(≈≈≈≈≈≈≈
.####≈≈§.§..≈#+########
..#≈≈≈≈≈§§§.§#.._.....#
.##≈≈≈≈§§≈§.§#._._....#
##≈≈≈§≈§§§§≈≈#_._._...#
≈≈≈≈≈≈≈§§≈≈≈#._._._..#
++#≈§≈§≈≈§≈§#_._._._.#


You could see a yaktaur.

Vanquished Creatures
  3 polar bears (D)
  2 hippogriffs (D)
  4 necrophages (D)
  4 worker ants (D)
13 creatures vanquished.

Vanquished Creatures (collateral kills)
  A hornet (D)
1 creature vanquished.

Vanquished Creatures (others)
  Menkaure (D)
  A crocodile (D)
2 creatures vanquished.

Grand Total: 16 creatures vanquished

Notes
Turn   | Place    | Note
-------+----------+-------------------------------------------
     0 | D        | MuseOD the Merfolk Berserker began the quest for the Orb.
     0 | D        | Reached XP level 1. HP: 18/18 MP: 1/1
     1 | D        | Noticed a worker ant
     1 | D        | Noticed a worker ant
     5 | D        | Killed a worker ant
     5 | D        | Reached skill level 6 in Polearms
     5 | D        | Reached XP level 2. HP: 26/26 MP: 2/2
     5 | D        | Reached XP level 3. HP: 31/31 MP: 3/3
     7 | D        | Reached skill level 5 in Fighting
     7 | D        | Reached skill level 5 in Dodging
    11 | D        | Reached ** piety under Trog
    11 | D        | Reached skill level 7 in Polearms
    11 | D        | Reached XP level 4. HP: 39/39 MP: 4/4
    21 | D        | Killed Menkaure
    31 | D        | HP: 2/40 [poisoned by a worker ant]
    44 | D        | Killed a crocodile
   272 | D        | Noticed a hippogriff
   272 | D        | Noticed a hippogriff
   278 | D        | Killed a hippogriff
   278 | D        | Reached skill level 9 in Polearms
   278 | D        | Reached XP level 5. HP: 48/48 MP: 5/5
   278 | D        | Reached XP level 6. HP: 55/55 MP: 6/6
   283 | D        | Killed a hippogriff
   283 | D        | Reached skill level 11 in Polearms
   283 | D        | Reached skill level 5 in Armour
   283 | D        | Reached XP level 7. HP: 63/63 MP: 7/7
   330 | D        | Reached *** piety under Trog
   330 | D        | Reached skill level 10 in Dodging
   343 | D        | Reached skill level 12 in Polearms
   346 | D        | Reached **** piety under Trog
   384 | D        | Found a stormy altar of Qazlal.
   385 | D        | Found a hazy altar of Hepliaklqana.
   385 | D        | Found a sacrificial altar of Ru.
   385 | D        | Found an ornate altar of the Wu Jian Council.
   386 | D        | Found a roughly hewn altar of Beogh.
   386 | D        | Found a viscous altar of Jiyva.
   386 | D        | Found a deep blue altar of Sif Muna.
   386 | D        | Found a shimmering altar of Xom.
   387 | D        | Found a snail-covered altar of Cheibriados.
   387 | D        | Found an ancient bone altar of Kikubaaqudgha.
   387 | D        | Found a bloodstained altar of Trog.
   387 | D        | Found a glowing golden altar of the Shining One.
   387 | D        | Found a basalt altar of Yredelemnul.
   388 | D        | Found a shadowy altar of Dithmenos.
   388 | D        | Found a corrupted altar of Lugonu.
   388 | D        | Found a hide-covered altar of Uskayaw.
   389 | D        | Found a white marble altar of Elyvilon.
   389 | D        | Found a burning altar of Makhleb.
   390 | D        | Found a blossoming altar of Fedhas.
   395 | D        | Found an opulent altar of Gozag.
   395 | D        | Noticed a polar bear
   397 | D        | Noticed a polar bear
   397 | D        | Noticed a polar bear
   403 | D        | Noticed a yaktaur
   408 | D        | Killed a polar bear
   408 | D        | Reached skill level 10 in Fighting
   408 | D        | Reached XP level 8. HP: 72/72 MP: 8/8
   412 | D        | Noticed a hornet
   418 | D        | Killed a polar bear
   418 | D        | Reached skill level 13 in Polearms
   426 | D        | Killed a polar bear
   442 | D        | Killed a hornet
   443 | D        | Shot with a bolt by a yaktaur

Skill      XL: |  1  2  3  4  5  6  7  8 |
---------------+-------------------------+-----
Fighting       | 4 5 7 8 10 11 | 11.0
Polearms       | 6 7 9 11 12 13 | 13.8
Armour         | 2 3 4 5 6 7 |  7.6
Dodging        | 4 5 8 9 11 12 | 12.5

Action                   |  1- 3 |  4- 6 |  7- 9 || total
-------------------------+-------+-------+-------++-------
Melee: Spear             |     7 |    29 |    56 ||    92
       Tailslap          |       |       |     1 ||     1
Invok: Berserk           |     1 |     1 |     2 ||     4
       Brothers in Arms  |       |       |     2 ||     2
       Trog's Hand       |       |       |     1 ||     1
  Use: Potion            |       |     1 |     1 ||     2
  Eat: Chunk             |       |       |     1 ||     1
Armor: Animal skin       |     1 |     1 |     2 ||     4
Dodge: Dodged            |     1 |    21 |    27 ||    49
